 Dungeon Crawl Stone Soup version 0.26.0-45-g9c1d065592 (webtiles) character file.

Game seed: 3095019236036245703

3971 kaeus the Skirmisher (level 10, 0/120 HPs)
             Began as a Demonspawn Fighter on Jan 29, 2021.
             Was a Believer of Qazlal.
             Slain by an orc warrior
             ... wielding a +0 halberd
              (13 damage)
             ... on level 8 of the Dungeon.
             The game lasted 00:07:22 (8537 turns).

kaeus the Skirmisher (Demonspawn Fighter)           Turns: 8537, Time: 00:07:23

Health: 0/120      AC: 25    Str: 21    XL:     10   Next: 2%
Magic:  0/10       EV:  2    Int: 15    God:    Qazlal [**....]
Gold:   444        SH: 13    Dex: 12    Spells: 9/9 levels left

rFire    . . .     SeeInvis .   a - +0 war axe
rCold    . . .     Faith    .   c - +0 kite shield
rNeg     + + +     Spirit   +   (armour currently unavailable)
rPois    +         Reflect  .   (helmet currently unavailable)
rElec    .         Harm     .   (cloak currently unavailable)
rCorr    .         Rampage  .   (gloves currently unavailable)
Will     .....     NoTele   +   (boots currently unavailable)
Stlth    +.........             J - amulet of guardian spirit
HPRegen  0.30/turn              l - +4 ring of evasion
MPRegen  0.12/turn              x - +6 ring of intelligence

@: mighty, lethally poisoned (0 -> -1), tree-form
A: no striking features
a: Renounce Religion, Upheaval


You were on level 8 of the Dungeon.
You worshipped Qazlal.
Qazlal was pleased with you.
You were a tree.
You visited 2 branches of the dungeon, and saw 9 of its levels.

You collected 444 gold pieces.

Inventory:

Hand Weapons
 a - a +0 war axe (weapon)
Missiles
 r - 41 poisoned darts
 z - 5 atropa-tipped darts
Armour
 c - a +0 kite shield (worn)
 y - a +0 pair of boots (melded)
 G - a +2 chain mail of poison resistance (melded)
Magical Staves
 L - an uncursed staff of fire
Jewellery
 l - a +4 ring of evasion (left branch)
 u - an uncursed ring of fire
 x - a +6 ring of intelligence (right branch)
 J - an amulet of guardian spirit (around neck)
Wands
 v - a wand of enslavement (11)
 B - a wand of acid (15)
 E - a wand of random effects (12)
 H - a wand of flame (15)
Scrolls
 b - a scroll of fog {unknown}
 e - 12 scrolls of identify {unknown}
 f - 3 scrolls of magic mapping {unknown}
 h - 3 scrolls of enchant weapon {unknown}
 j - 6 scrolls of teleportation {unknown}
 p - 2 scrolls of amnesia {unknown}
 q - a scroll of fear {unknown}
 A - 2 scrolls of remove curse {unknown}
 C - a scroll of enchant armour {unknown}
 F - a scroll of random uselessness {unknown}
 I - a scroll of noise {unknown}
Potions
 g - 3 potions of cancellation {unknown}
 i - a potion of heal wounds
 k - 2 potions of mutation {unknown}
 m - 2 potions of berserk rage {unknown}
 n - 4 potions of lignification
 o - a potion of haste {unknown}
 s - a potion of attraction {unknown}
 t - a potion of curing
 w - a potion of brilliance {unknown}
 D - a potion of degeneration {unknown}
 K - a potion of flight {unknown}


   Skills:
 + Level 7.9 Fighting
 + Level 6.9 Axes
 + Level 7.1 Armour
 + Level 7.1 Shields


You had 9 spell levels left.
You didn't know any spells.
Your spell library contained the following spells:

 Spells                   Type           Power        Failure   Level
 Passwall                 Tmut/Erth      0%           73%         2
 Swiftness                Air            0%           73%         2
 Passage of Golubria      Tloc           N/A          100%        4
 Lee's Rapid Deconstruct  Erth           0%           100%        5
 Invisibility             Hex            0%           100%        6


Dungeon Overview and Level Annotations

Branches:
Dungeon (8/15)             Temple (1/1) D:4
   Lair: D:8-11

Altars:
Ashenzari
Cheibriados
Dithmenos
Elyvilon
Gozag
Hepliaklqana
Kikubaaqudgha
Makhleb
Nemelex Xobeh
Okawaru
Qazlal
Ru
Sif Muna
Trog
Uskayaw
Vehumet
Wu Jian
Xom
Zin

Shops:
D:5 =


Innate Abilities, Weirdness & Mutations

((You are mostly covered in yellow scales. (AC +3)))
((You are partially covered in sharp spines.))


Message History

You slash the orc priest!
You kill the orc priest!
Qazlal accepts your kill.
You closely miss the orc.
The orc warrior hits you from afar with a +0 halberd!
* * * LOW HITPOINT WARNING * * *
The orc hits you but does no damage.
You take 7 damage, and have 14/120 hp.
You now have 2/10 mp.
You hit the orc.
The orc is severely wounded.
You feel sick.
The orc warrior hits you from afar with a +0 halberd.
* * * LOW HITPOINT WARNING * * *
The orc hits you but does no damage.
You take 2 damage, and have 12/120 hp.
You hit the orc.
You kill the orc!
Qazlal accepts your kill.
The orc warrior hits you from afar with a +0 halberd!
You die...

.........####.(.)###.###
.........'......()......
.........####..(†)...###
8_......## ##.#†#####
.......## ###.# ......##
#.# ####+## #†# #.# #♣#
.....o)[# ........#
......... .........
.......... ........P.
......P...#


You could see an orc warrior.

Vanquished Creatures
  Pikel (D:5)
  Prince Ribbit (D:7)
  4 water moccasins
  2 phantoms
  2 black bears
  An orc warrior (D:7)
  A sky beast (D:7)
  4 ogres
  3 centaurs
  7 bullfrogs
  A big kobold (D:8)
  3 scorpions
  4 wights (D:7)
  An electric eel (D:6)
  A bullfrog skeleton (D:4)
  3 orc priests
  A centaur skeleton (D:5)
  A hound (D:4)
  9 orc wizards
  2 iguanas
  6 worker ants
  2 worker ant zombies
  A gnoll (D:6)
  7 adders
  2 shadow imps (D:7)
  A white imp (D:7)
  An adder skeleton (D:4)
  A worm (D:3)
  10 dart slugs
  5 leopard geckos
  31 orcs
  2 ball pythons
  4 giant cockroaches
  11 hobgoblins
  3 jackals (D:3)
  2 quokkas
  7 bats
  7 frilled lizards
  10 goblins
  12 kobolds
  2 quokka skeletons
  9 rats
188 creatures vanquished.

Vanquished Creatures (others)
  45 fungi (D:8)
  38 plants (D:8)
83 creatures vanquished.

Grand Total: 271 creatures vanquished

Notes
Turn   | Place    | Note
-------+----------+-------------------------------------------
     0 | D:1      | kaeus the Demonspawn Fighter began the quest for the Orb.
     0 | D:1      | Reached XP level 1. HP: 18/18 MP: 1/1
   308 | D:1      | Gained mutation: You are partially covered in sharp spines.
                  | [demonic ancestry]
   308 | D:1      | Reached XP level 2. HP: 24/24 MP: 2/2
   644 | D:2      | Reached XP level 3. HP: 25/29 MP: 3/3
   787 | D:2      | Found an ancient bone altar of Kikubaaqudgha.
  1416 | D:3      | Reached XP level 4. HP: 35/35 MP: 4/4
  1987 | D:3      | Reached XP level 5. HP: 36/42 MP: 5/5
  2111 | D:3      | Noticed a phantom
  2160 | D:3      | Killed a phantom
  2501 | D:3      | Reached XP level 6. HP: 48/48 MP: 6/6
  3027 | D:4      | Noticed a water moccasin
  3034 | D:4      | Killed a water moccasin
  3057 | D:4      | Found a staircase to the Ecumenical Temple.
  3415 | D:4      | Gained mutation: You are partially covered in yellow
                  | scales. (AC +2) [demonic ancestry]
  3415 | D:4      | Reached XP level 7. HP: 21/55 MP: 7/7
  4403 | Temple   | Entered the Ecumenical Temple
  4515 | Temple   | Became a worshipper of Qazlal Stormbringer
  4533 | D:5      | Entered Level 5 of the Dungeon
  4533 | D:5      | Noticed Pikel
  4546 | D:5      | Killed Pikel
  4547 | D:5      | Reached skill level 5 in Fighting
  4547 | D:5      | Reached skill level 5 in Armour
  4547 | D:5      | Reached skill level 5 in Shields
  4547 | D:5      | Reached XP level 8. HP: 11/63 MP: 8/8
  5501 | D:5      | Found Faatry's Jewellery Shop.
  5712 | D:5      | Reached skill level 5 in Axes
  5961 | D:6      | HP: 3/64 [electric eel/bolt of electricity (3)]
  5963 | D:6      | HP: 1/64 [dart slug/slug dart (2)]
  7190 | D:7      | Reached XP level 9. HP: 62/71 MP: 9/9
  7392 | D:7      | Reached * piety under Qazlal
  7884 | D:7      | Found a sparkling altar of Nemelex Xobeh.
  8057 | D:7      | Found a bloodstained altar of Trog.
  8134 | D:7      | Noticed Prince Ribbit
  8161 | D:7      | Killed Prince Ribbit
  8324 | D:7      | Found an ornate altar of the Wu Jian Council.
  8407 | D:8      | Found a burning altar of Makhleb.
  8407 | D:8      | Found a white marble altar of Elyvilon.
  8526 | D:8      | Reached ** piety under Qazlal
  8534 | D:8      | Gained mutation: You are mostly covered in yellow scales.
                  | (AC +3) [demonic ancestry]
  8534 | D:8      | Reached XP level 10. HP: 24/80 MP: 4/10
  8537 | D:8      | Slain by an orc warrior

Illustrated notes

Levels and vault maps discovered:
D:1:      giann_wishing_wells, layout_rooms
D:2:      layout_loops_ring, general_overflow_altar
D:3:      layout_basic, item_on_display_a
D:4:      layout_basic, minmay_temple_entry_butterflies
D:5:      layout_gridville, serial_shops, shop, uniq_pikel
D:6:      kennysheep_slugbush, layout_rooms, minmay_misc_feat_chi,
          minmay_between
D:7:      layout_loops_ring, lemuel_round_altar, nzn_wu_jian_council_hall,
          grunt_ministairs_3, hangedman_abyss_or_decor_slice, trog_book,
          uniq_prince_ribbit1
D:8:      kennysheep_seaside_town, layout_loops_corners, kennysheep_mini,
          tso_oasis_becter, chequers_temple_overflow_statue_of_worship,
          due_lair_maze_entry_diamond, st_stairs_12,
          grunt_dithmenos_smoke_and_mirrors, uniq_psyche
Temple:   zaba_magenta_temple

Skill      XL: |  1  2  3  4  5  6  7  8  9 |
---------------+----------------------------+-----
Axes           | 2 3 4 5 6 |  6.9
Armour         | 3 4 5 6 7 |  7.1
Shields        | 3 4 5 6 7 |  7.1
Fighting       | 4 5 6 7 |  7.9

Action                   |  1- 3 |  4- 6 |  7- 9 | 10-12 || total
-------------------------+-------+-------+-------+-------++-------
Melee: War axe           |    88 |   143 |   275 |     4 ||   510
Throw: Dart              |       |     5 |       |       ||     5
  Use: Potion            |       |       |     7 |       ||     7
Armor: Scale mail        |    36 |    41 |    35 |       ||   112
       Skin              |       |       |    36 |     2 ||    38
       Chain mail        |       |       |    53 |       ||    53
Dodge: Dodged            |    33 |    50 |    94 |       ||   177
Block: Kite shield       |    44 |    65 |   203 |     1 ||   313
